cohdb
Replays
Latest Replays
All Replays
Popular Replays
Top Player Replays
Match Explorer
How It Works
Community
CoH3 Stats
Reddit
Sign in to upload your games and track your stats! →
Sign in with Steam
Match 40923733
Unlisted
Match 40923733
Overview
Messages
Build Orders
End
Panzergrenadier Squad
Selects Panzerjäger Kommand Battlegroup
Panzergrenadier Squad
Selects Mine Fields
Panzergrenadier Squad
Panzergrenadier Squad
Construct Light Support Kompanie
Selects Tank Busters
Fire Support Elements
Flakvierling Half-track
Selects Crew Shock Tactics
le.IG 18 Mechanized Group
Pak 38 Anti-tank Gun Team
Pak 38 Anti-tank Gun Team
Veteran Squad Leaders
Construct Panzerarmee Kommand
Marklamarr
An 'orrible Cunt
Bobby
Bran
DrewP
Dillbro
0
0
Comments
sign in to comment!
No comments posted yet!